 Dungeon Crawl Stone Soup version 0.29-a0-323-g050149af67 (webtiles) character file.

Game seed: 7055439182203934483

2069 ImHallYall the Protected (level 9, -26/75 HPs)
             Began as a Minotaur Fighter on Apr 11, 2022.
             Was an Initiate of Hepliaklqana.
             Annihilated by an azure jelly (40 damage)
             ... created by the all-consuming vengeance of Jiyva
             ... while paralysed by a floating eye
             ... on level 7 of the Dungeon.
             The game lasted 00:25:39 (10147 turns).

ImHallYall the Protected (Minotaur Fighter)        Turns: 10147, Time: 00:25:40

Health: -26/75     AC: 14    Str: 24    XL:     9   Next: 5%
Magic:  3/8        EV:  2    Int:  5    God:    Hepliaklqana [......]
Gold:   241        SH:  0    Dex: 11    Spells: 8/8 levels left

rFire   . . .      SeeInvis .   G - +5 war axe
rCold   . . .      Faith    .   c - +0 buckler
rNeg    . . .      Spirit   .   D - +0 chain mail
rPois   .          Reflect  .   n - +2 hat
rElec   .          Harm     .   (no cloak)
rCorr   .          Rampage  .   (no gloves)
Will    .....                   o - +0 pair of boots
Stlth   ..........              (no amulet)
HPRegen 0.22/turn               k - +4 ring of evasion
MPRegen 0.11/turn               (no ring)

@: confused, paralysed, engulfed (cannot breathe)
A: horns 2, retaliatory headbutt, mutation resistance 1
a: Renounce Religion


You were on level 7 of the Dungeon.
You worshipped Hepliaklqana.
Hepliaklqana was noncommittal.
You visited 2 branches of the dungeon, and saw 8 of its levels.

You collected 301 gold pieces.
You spent 60 gold pieces at shops.

Inventory:

Hand Weapons
 a - a +0 long sword
 h - a +2 dagger of venom
 i - a +1 dagger of draining
 v - a +1 dagger of venom
 y - a +0 giant spiked club
 z - a +0 scimitar
 G - a +5 war axe (weapon)
 I - a +2 short sword of venom
 J - a +3 hand axe
Armour
 b - a +1 scale mail
 c - a +0 buckler (worn)
 n - a +2 hat (worn)
 o - a +0 pair of boots (worn)
 D - a +0 chain mail (worn)
Jewellery
 k - a +4 ring of evasion (left hand)
 t - an amulet of faith
 F - a ring of magical power
Wands
 u - a wand of flame (14) (quivered)
Scrolls
 e - a scroll of vulnerability
 f - 2 scrolls of noise
 g - 6 scrolls of fog
 p - a scroll of enchant armour
 q - a scroll of holy word
 w - a scroll of silence
 x - 2 scrolls of teleportation
 E - a scroll of summoning
 H - a scroll of identify
Potions
 d - a potion of might
 j - 2 potions of heal wounds
 l - 3 potions of curing
 m - a potion of berserk rage
 r - a potion of mutation
 s - a potion of haste {unknown}
 A - 3 potions of flight {unknown}
 B - a potion of degeneration {unknown}
 C - a potion of brilliance {unknown}


   Skills:
 + Level 5.7 Fighting
 + Level 5.2(6.0) Short Blades
 + Level 4.8(6.1) Long Blades
 + Level 1.7 Axes
 + Level 9.1 Armour
 + Level 4.3 Dodging
 + Level 0.6 Stealth
 + Level 6.4 Shields


You had 8 spell levels left.
You didn't know any spells.
Your spell library was empty.

Dungeon Overview and Level Annotations

Branches:
Dungeon (7/15)             Temple (1/1) D:6

Altars:
Ashenzari
Cheibriados
Dithmenos
Elyvilon
Fedhas
Gozag
Hepliaklqana
Kikubaaqudgha
Makhleb
Nemelex Xobeh
Okawaru
Qazlal
Ru
Sif Muna
Trog
Uskayaw
Vehumet
Wu Jian
Xom
Yredelemnul
Zin
The Shining One

Shops:
D:5 (*


Innate Abilities, Weirdness & Mutations

You have a pair of horns on your head.
You reflexively headbutt those who attack you in melee.
You are somewhat resistant to further mutation.


Message History

You hit the kobold.
You kill the kobold!
You feel sick.
You are no longer poisoned.
Things that are here:
a +0 dagger of draining; a stone; a kobold corpse Unknown command.
You start resting.
You start resting.
You start resting.
HP restored.
Found a stone staircase leading up.
You start waiting.
Nemelex Xobeh makes you draw from the deck of Punishment.
You draw a card...
You have drawn Wrath.
Some slimes ooze up out of the ground!
The divine experience confuses you!
You are confused.
An azure jelly, a quicksilver ooze and a floating eye come into view.
You bump into the rock wall.
The floating eye seems to glare at you. The quicksilver ooze hits you!
The quicksilver ooze engulfs you! The quicksilver ooze hits you.
You feel your power leaking away. The azure jelly closely misses you.
The azure jelly hits you but does no damage.
The azure jelly hits you.
The azure jelly hits you but does no damage.
The quicksilver ooze hits you!
The quicksilver ooze hits you but does no damage.
The floating eye gazes piercingly through you!
You suddenly lose the ability to move!
Your lungs strain for air!
The quicksilver ooze hits you!
* * * LOW HITPOINT WARNING * * *
The quicksilver ooze hits you but does no damage.
The azure jelly hits you.
* * * LOW HITPOINT WARNING * * *
The azure jelly freezes you!!!
Ouch! That really hurt!
You die...

...<# #.... ........
.... . ...........
...##..
..........##......
...........#..:.#
..##...#...#......#
#..#...#...#J#....###
##..##......J@G.......
#.............#..##...
#####.........)..#..#
....#.........)........
.................##..#.
.................#
#.....
.................# ...
. .................#
....
....<...)()###..#...


You could see an azure jelly, a quicksilver ooze and a floating eye.

Vanquished Creatures
  2 ice beasts
  2 black bears (D:5)
  2 ogres (D:5)
  2 centaurs
  2 kobold brigands (D:7)
  3 necrophages
  3 scorpions
  2 bullfrogs
  3 wights (D:7)
  3 jellies
  A gnoll shaman (D:5)
  An orc priest (D:6)
  A hound (D:5)
  5 iguanas
  3 orc wizards
  5 gnolls (D:5)
  6 adders
  A shadow imp (D:7)
  A white imp (D:4)
  An ufetubus (D:5)
  4 worms
  2 dart slugs (D:1)
  21 orcs
  7 ball pythons
  4 bats
  4 endoplasms
  5 giant cockroaches
  8 hobgoblins
  11 kobolds
  8 quokkas
  5 frilled lizards
  9 goblins
  7 rats
144 creatures vanquished.

Vanquished Creatures (others)
  A fungus (D:2)
1 creature vanquished.

Grand Total: 145 creatures vanquished

Notes
Turn   | Place    | Note
-------+----------+-------------------------------------------
     0 | D:1      | ImHallYall the Minotaur Fighter began the quest for the
                  | Orb.
     0 | D:1      | Reached XP level 1. HP: 19/19 MP: 0/0
   227 | D:1      | Reached skill level 4 in Armour
   228 | D:1      | Reached XP level 2. HP: 26/27 MP: 1/1
   900 | D:1      | Reached XP level 3. HP: 32/33 MP: 2/2
  1108 | D:2      | Found a faded altar of an unknown god.
  1136 | D:2      | Prayed at the altar of an unknown god.
  1136 | D:2      | Became a worshipper of Nemelex Xobeh the Trickster
  1136 | D:2      | Reached * piety under Nemelex Xobeh
  1136 | D:2      | Received a gift from Nemelex Xobeh
  2032 | D:3      | Noticed a necrophage
  2058 | D:3      | Killed a necrophage
  2059 | D:3      | Reached skill level 1 in Short Blades
  2059 | D:3      | Reached skill level 1 in Dodging
  2059 | D:3      | Reached XP level 4. HP: 33/41 MP: 3/3
  2146 | D:3      | Reached XP level 5. HP: 47/47 MP: 4/4
  2161 | D:3      | Gained mutation: You are somewhat resistant to further
                  | mutation. [potion of mutation]
  2371 | D:3      | Reached ** piety under Nemelex Xobeh
  2530 | D:3      | Reached skill level 5 in Armour
  3173 | D:4      | Reached XP level 6. HP: 20/53 MP: 5/5
  3541 | D:4      | Reached skill level 6 in Armour
  3541 | D:4      | Reached skill level 5 in Shields
  4045 | D:5      | Entered Level 5 of the Dungeon
  4072 | D:5      | Reached XP level 7. HP: 60/60 MP: 6/6
  4120 | D:5      | Found Ifialuu's Weapon Shop.
  4135 | D:5      | Bought a +0 scimitar for 60 gold pieces
  4147 | D:5      | Reached skill level 5 in Fighting
  4254 | D:5      | Found Uhohucis's Overcharged Wands.
  4369 | D:5      | Reached skill level 7 in Armour
  4730 | D:5      | Reached XP level 8. HP: 68/68 MP: 7/7
  5503 | D:6      | Reached *** piety under Nemelex Xobeh
  5740 | D:6      | Reached skill level 8 in Armour
  5793 | D:6      | Reached skill level 5 in Short Blades
  5817 | D:6      | Found a staircase to the Ecumenical Temple.
  5842 | Temple   | Entered the Ecumenical Temple
  6185 | Temple   | Fell from the grace of Nemelex Xobeh
  6185 | Temple   | Became a worshipper of Hepliaklqana the Forgotten
  9611 | D:6      | Found a broken altar of Ashenzari.
  9611 | D:6      | Found a bloodstained altar of Trog.
  9619 | D:6      | Found a shimmering altar of Xom.
  9622 | D:6      | Found a stormy altar of Qazlal.
  9624 | D:6      | Found a faded altar of an unknown god.
  9852 | D:7      | Reached skill level 9 in Armour
  9860 | D:7      | Reached XP level 9. HP: 36/75 MP: 8/8
  9901 | D:7      | Reached skill level 1 in Axes
 10144 | D:7      | Noticed an azure jelly
 10144 | D:7      | Noticed a quicksilver ooze
 10146 | D:7      | Paralysed by a floating eye for 2 turns
 10147 | D:7      | Annihilated by an azure jelly

Illustrated notes

Levels and vault maps discovered:
D:1:      heliophobic_arrival_battle_scene, layout_basic
D:2:      layout_basic, shapermc_ecumenical_altar_acropolis, minivault_11
D:3:      layout_rooms, minmay_starry_boxes
D:4:      layout_rooms
D:5:      layout_basic, serial_shops, nicolae_shop_statue_plus,
          nicolae_shop_overcharged_wands
D:6:      layout_loops_corners, chequers_temple_overflow_minitemple,
          minmay_temple_entry_butterflies
D:7:      layout_cave_pools
Temple:   eino_narrow_crystal_temple

Skill      XL: |  1  2  3  4  5  6  7  8  9 |
---------------+----------------------------+-----
Armour         | 4 5 6 7 9 |  9.1
Fighting       | 4 5 |  5.7
Shields        | 4 5 6 |  6.4
Short Blades   | 1 3 4 5 |  5.2
Dodging        | 1 2 3 4 |  4.3
Long Blades    | 3 4 |  4.8
Axes           | 1 |  1.7
Stealth        | |  0.6

Action                   |  1- 3 |  4- 6 |  7- 9 || total
-------------------------+-------+-------+-------++-------
Melee: Dagger            |   134 |   149 |   142 ||   425
       Long sword        |     7 |       |       ||     7
       Headbutt          |    20 |    32 |    40 ||    92
       Scimitar          |       |       |    22 ||    22
       War axe           |       |       |    12 ||    12
Invok: Draw Escape       |       |       |     1 ||     1
  Use: Scroll            |     7 |     5 |     3 ||    15
       Potion            |       |     2 |     3 ||     5
Armor: Scale mail        |    73 |    72 |    70 ||   215
       Chain mail        |       |       |    23 ||    23
Dodge: Dodged            |    88 |   122 |   151 ||   361
Block: Buckler           |    30 |    35 |    55 ||   120

Table legend: (Time is in decaauts)
 A = Elapsed time spent in this place.
 B = Non-inter-level travel time spent in this place.
 C = Inter-level travel time spent in this place.
 D = Time resting spent in this place.
 E = Time spent auto-exploring this place.
 F = Levels seen in this place.
 G = Mean time per level.
                   A        B        C        D        E       F      G
               +--------+--------+--------+--------+--------+-----+--------+
         Total |  10112 |  10112 |      0 |   4564 |   3591 |   8 | 1264.0 |
       Dungeon |   9757 |   9757 |      0 |   4464 |   3553 |   7 | 1393.9 |
        Temple |    354 |    354 |      0 |    100 |     38 |   1 |  354.0 |
               +--------+--------+--------+--------+--------+-----+--------+

Top non-repeatable levels by time:
     D:6: 4025 daAuts
     D:5: 1371 daAuts
     D:4: 1358 daAuts
     D:2: 1006 daAuts
     D:1: 941 daAuts
     D:3: 719 daAuts
  Temple: 354 daAuts
     D:7: 335 daAuts
